 Dungeon Crawl Stone Soup version 0.32-a0-876-gcfddb08e57 (webtiles) character file.

Game seed: 11805927463102633232

5612 oldriver the Fighter (level 10, -5/178 HPs)
             Began as an Oni Shapeshifter on Apr 1, 2024.
             Was a Priest of Trog.
             Slain by Harold
             ... wielding a +1 short sword of venom
              (14 damage)
             ... on level 9 of the Dungeon.
             The game lasted 00:10:59 (8829 turns).

oldriver the Fighter (Oni Shapeshifter)             Turns: 8829, Time: 00:11:01

Health: -5/178     AC: 25    Str: 30    XL:     10   Next: 73%
Magic:  10/10      EV:  1    Int: 11    God:    Trog [***...]
Gold:   449        SH:  0    Dex: 14    Spells: 9/9 levels left

rFire   . . .        l - +1 whip (heavy)
rCold   . . .        (no shield)
rNeg    . . .        a - melded +1 animal skin
rPois   +            (helmet currently unavailable)
rElec   .            (cloak currently unavailable)
rCorr   .            (gloves unavailable)
SInv    .            (boots unavailable)
Will    .....        (no amulet)
Stlth   +            e - +6 ring of dexterity
HPRegen 1.29/turn    t - +6 ring of strength
MPRegen 0.12/turn

%: no passive effects
@: mighty, lethally poisoned (-5 -> -8), tree-form, weak-willed, marked, on
berserk cooldown
A: stationary, stasis, torment immunity, boosted hp, large, unfitting armour,
(horns 1), (tough skin 1), double potion healing, drunken brawling, (fire
resistance 1), regeneration 1, MP-powered wands
a: Renounce Religion, Berserk, Trog's Hand


You were on level 9 of the Dungeon.
You worshipped Trog.
Trog was most pleased with you.
You were a tree.
You visited 1 branch of the dungeon, and saw 9 of its levels.

You collected 449 gold pieces.

Inventory:

Hand Weapons
 l - a +1 heavy whip (weapon)
Missiles
 o - 49 stones (quivered)
Armour
 a - a +1 animal skin (melded)
 m - a +0 kite shield
Jewellery
 e - a +6 ring of dexterity (left branch)
 q - a ring of fire
 t - a +6 ring of strength (right branch)
Talismans
 c - a beast talisman (active)
 d - a flux talisman
Wands
 g - a wand of polymorph (5)
 j - a wand of paralysis (13)
 r - a wand of flame (30)
Scrolls
 i - 2 scrolls of revelation
 w - 2 scrolls of identify
Potions
 b - 3 potions of lignification
 f - 2 potions of attraction
 n - 2 potions of might


   Skills:
 + Level 13.2 Fighting
 * Level 10.6 Maces & Flails
 - Level 4.0 Throwing
 + Level 1.3 Armour
 + Level 2.4 Dodging
 + Level 1.3 Shields
 - Level 2.6 Unarmed Combat
 - Level 3.0 Shapeshifting


You had 9 spell levels left.
You didn't know any spells.
Your spell library was empty.

Dungeon Overview and Level Annotations

Branches:
Dungeon (9/15)             Temple (0/1) D:6            Lair (0/5) D:8
    Orc: D:9-12

Altars:
Ashenzari
Gozag
Okawaru
Ru
Trog
Vehumet

Annotations:
D:9 Harold


Innate Abilities, Weirdness & Mutations

You are a tree.
Your roots penetrate the ground, keeping you stationary.
You cannot be teleported.
You are immune to unholy pain and torment.
Your maximum health is greatly increased.
Your equipment is partially melded.
You are too large for most types of armour.
((You have a pair of small horns on your head.))
((You have tough skin. (AC +1)))
You gain doubled healing and magic from potions.
Whenever you drink a healing potion, you attack all around you.
((Your flesh is heat resistant. (rF+)))
Your natural rate of healing is unusually fast.
You expend magic power (3 MP) to strengthen your wands.


Message History

You hear some strange, mumbled words.
A magic dart appears from out of thin air!
The magic dart hits you but does no damage.
Okay, then.
As you read the scroll labelled GOXEAB YRHICW, it crumbles to dust.
You cannot blink because you are held in place by your roots.
It was a scroll of blinking.
You feel very sick. Harold hits you but does no damage.
You are more poisoned.
You hear some strange, mumbled words.
Something tries to affect you, but you resist.
You barely miss Harold.
Harold is almost dead.
You feel very sick.
The orc wizard points at you and mumbles some strange words.
The magic dart hits you but does no damage.
Something hits you but does no damage. Harold gestures at you while chanting.
The mark upon you grows brighter. Something hits you but does no damage.
Harold gestures at you while chanting. The mark upon you grows brighter.
You hit Harold.
Harold is almost dead.
You feel very sick. Something hits you but does no damage.
Harold hits you but does no damage.
You are more poisoned.
You are stuck in your current form!
You hit Harold but do no damage.
Harold is almost dead.
You feel very sick.
Harold points at you and mumbles some strange words.
The mark upon you grows brighter. Something hits you but does no damage.
You whack Harold!
Harold is almost dead.
You feel yourself speed up.
You feel very sick.
Harold hits you with a +1 short sword of venom!
You die...
Harold says, "Can't wait to tell my little ones about this."

§§§§☼☼#☼○ #§§.☼☼§§§
##§§§§§§§§ ###
##○§§§§☼○○§
#§☼##§☼○#§§○☼§§
#§§§☼§§☼○§§☼☼§☼
##.#○☼○☼§@o§§○§§ ..
#☼§○♣{oo○§§○
##.##○§§#§o§○○§§.
#...#§§§.§§○§☼§§....
#...##☼○:○§§○§○§....
#....#§☼.§○§§○☼§....
##...§☼§.○○§○§§§....
##.§§§§.§§§§☼§§....
.....☼§o§.§o§§§§○..$.
#..##................


You could see Harold (weak-willed), 2 orc wizards and 4 orcs.

Vanquished Creatures
  A boulder beetle (D:9)
  Pikel (D:9)
  Jeremiah (D:8)
  A hornet (D:8)
  A troll (D:7)
  Prince Ribbit (D:8)
  Grinder (D:6)
  Sigmund (D:3)
  2 wyverns
  An acid dragon (D:6)
  A water moccasin (D:5)
  A sky beast (D:7)
  4 black bears
  An ice beast (D:7)
  3 ogres
  2 centaurs
  2 phantoms (D:5)
  A lemure (D:9)
  4 kobold brigands
  3 bullfrogs
  A gnoll sergeant (D:6)
  3 scorpions
  4 wights (D:8)
  3 bombardier beetles
  4 hounds
  2 orc priests (D:6)
  A jelly (D:7)
  A gnoll bouda (D:8)
  3 sleepcaps
  3 iguanas
  4 orc wizards
  8 gnolls
  5 adders
  2 shadow imps
  A white imp (D:6)
  A ribbon worm (D:5)
  A dart slug (D:1)
  17 orcs
  6 ball pythons
  6 endoplasms
  3 giant cockroaches
  6 goblins
  7 hobgoblins
  3 jackals (D:5)
  25 kobolds
  6 quokkas
  7 bats
  6 frilled lizards
  7 rats
179 creatures vanquished.

Notes
Turn   | Place    | Note
-------+----------+-------------------------------------------
     0 | D:1      | oldriver the Oni Shapeshifter began the quest for the Orb.
     0 | D:1      | Reached XP level 1. HP: 19/19 MP: 1/1
    22 | D:1      | Reached skill level 2 in Fighting
    82 | D:1      | Found a faded altar of an unknown god.
   112 | D:1      | Reached XP level 2. HP: 22/29 MP: 2/2
   128 | D:1      | Prayed at the altar of an unknown god.
   128 | D:1      | Became a worshipper of Trog the Wrathful
   128 | D:1      | Reached * piety under Trog
   162 | D:1      | Reached skill level 3 in Fighting
   502 | D:1      | Reached XP level 3. HP: 35/39 MP: 3/3
   602 | D:1      | Reached skill level 4 in Fighting
   948 | D:2      | Reached skill level 5 in Fighting
   948 | D:2      | Reached XP level 4. HP: 50/50 MP: 4/4
  1191 | D:2      | Reached ** piety under Trog
  1363 | D:2      | Found a sacrificial altar of Ru.
  2047 | D:3      | Reached skill level 6 in Fighting
  2179 | D:3      | Found an opulent altar of Gozag.
  2190 | D:3      | Noticed Sigmund
  2210 | D:3      | Killed Sigmund
  2211 | D:3      | Reached skill level 8 in Fighting
  2211 | D:3      | Reached XP level 5. HP: 63/63 MP: 5/5
  2211 | D:3      | Reached XP level 6. HP: 72/72 MP: 6/6
  2863 | D:4      | Reached skill level 9 in Fighting
  3275 | D:5      | Entered Level 5 of the Dungeon
  3368 | D:5      | Reached skill level 1 in Maces & Flails
  3368 | D:5      | Reached XP level 7. HP: 59/83 MP: 7/7
  3741 | D:5      | Found an iron altar of Okawaru.
  4240 | D:5      | Reached XP level 8. HP: 93/93 MP: 8/8
  4332 | D:5      | Reached skill level 10 in Fighting
  4483 | D:6      | Reached skill level 5 in Maces & Flails
  4857 | D:6      | Found a broken altar of Ashenzari.
  4977 | D:6      | Found a staircase to the Ecumenical Temple.
  4989 | D:6      | Reached skill level 11 in Fighting
  5045 | D:6      | Reached XP level 9. HP: 98/105 MP: 9/9
  5315 | D:6      | Noticed Grinder
  5323 | D:6      | Killed Grinder
  5327 | D:6      | Found a radiant altar of Vehumet.
  6328 | D:7      | Reached skill level 12 in Fighting
  6331 | D:7      | Reached *** piety under Trog
  6332 | D:7      | Reached skill level 1 in Throwing
  6825 | D:7      | Noticed a troll
  6870 | D:7      | Killed a troll
  7188 | D:7      | Reached XP level 10. HP: 102/117 MP: 10/10
  7306 | D:7      | Identified the +6 flail "Meocler" {drain, ^Contam +Blink
                  | rC+ Str+2}
  8087 | D:8      | Noticed Jeremiah
  8101 | D:8      | Killed Jeremiah
  8102 | D:8      | Reached skill level 10 in Maces & Flails
  8383 | D:8      | Found a staircase to the Lair.
  8461 | D:8      | Noticed Prince Ribbit
  8467 | D:8      | Killed Prince Ribbit
  8726 | D:9      | Noticed Pikel
  8731 | D:9      | Killed Pikel
  8732 | D:9      | Reached skill level 13 in Fighting
  8746 | D:9      | Noticed a boulder beetle
  8803 | D:9      | Noticed Harold
  8815 | D:9      | Gained mutation: Your flesh is heat resistant. (rF+)
                  | [potion of mutation]
  8815 | D:9      | Gained mutation: You expend magic power (3 MP) to
                  | strengthen your wands. [potion of mutation]
  8815 | D:9      | Gained mutation: Your natural rate of healing is unusually
                  | fast. [potion of mutation]
  8817 | D:9      | Killed a boulder beetle
  8818 | D:9      | Reached skill level 1 in Armour
  8818 | D:9      | Reached skill level 1 in Shields
  8829 | D:9      | Slain by Harold

Illustrated notes

Levels and vault maps discovered:
D:1:      dreamdust_arrival_sigmund_warning, layout_loops_cross,
          ebering_ecumenical_altar_webs
D:2:      layout_basic, basic_altar
D:3:      layout_loops_ring, nicolae_overflow_hidden_temple, uniq_sigmund
D:4:      layout_rooms
D:5:      layout_loops_ring, lemuel_coloured_pillars_altar
D:6:      minmay_skewed_foursquare, layout_rooms,
          mainiacjoe_overflow_small_starburst, vehumet_altar_wand_db,
          minmay_temple_entry_drinking_statues, kennysheep_doodads, uniq_grinder
D:7:      layout_loops_corners
D:8:      nicolae_cairo_tiling_very_big, layout_basic, nicolae_titane,
          uniq_prince_ribbit1, uniq_jeremiah
D:9:      layout_cave_pools, uniq_pikel, uniq_harold

Skill      XL: |  1  2  3  4  5  6  7  8  9 10 |
---------------+-------------------------------+-----
Fighting       | 2 3 5 8 9 11 12 13 | 13.2
Maces & Flails | 1 4 6 9 10 | 10.6
Throwing       | 2 4 |  4.0
Dodging        | 2 |  2.4
Armour         | 1 |  1.3
Shields        | 1 |  1.3
Unarmed Combat | |  2.6
Shapeshifting  | |  3.0

Action                     |  1- 3 |  4- 6 |  7- 9 | 10-12 || total
---------------------------+-------+-------+-------+-------++-------
  Melee: Unarmed           |    83 |   110 |       |       ||   193
         Headbutt          |     9 |    14 |    37 |    24 ||    84
         Punch             |     1 |       |       |       ||     1
         Whip              |       |     8 |   229 |    94 ||   331
  Throw: Stone             |       |       |     5 |       ||     5
 Invoke: Berserk           |     2 |     2 |     7 |     3 ||    14
         Trog's Hand       |       |       |     1 |     1 ||     2
    Use: Scroll            |       |     7 |     1 |     3 ||    11
         Potion            |       |       |       |     8 ||     8
   Stab: Sleeping          |     3 |     1 |       |       ||     4
 Armour: Animal skin       |    59 |    68 |   247 |    75 ||   449
         Skin              |       |       |       |    29 ||    29
  Dodge: Dodged            |    44 |    50 |   123 |    30 ||   247

Table legend: (Time is in decaauts)
 A = Elapsed time spent in this place.
 B = Non-inter-level travel time spent in this place.
 C = Inter-level travel time spent in this place.
 D = Time resting spent in this place.
 E = Time spent auto-exploring this place.
 F = Levels seen in this place.
 G = Mean time per level.
                   A        B        C        D        E       F      G
               +--------+--------+--------+--------+--------+-----+--------+
         Total |   8994 |   8786 |    208 |    817 |   6650 |   9 |  999.3 |
       Dungeon |   8994 |   8786 |    208 |    817 |   6650 |   9 |  999.3 |
               +--------+--------+--------+--------+--------+-----+--------+

Top non-repeatable levels by time:
     D:6: 1688 daAuts
     D:5: 1447 daAuts
     D:8: 1346 daAuts
     D:7: 1123 daAuts
     D:2: 909 daAuts
     D:1: 861 daAuts
     D:3: 796 daAuts
     D:4: 736 daAuts
     D:9: 84 daAuts
